 Dungeon Crawl Stone Soup version 0.21.1-1-g345015f (webtiles) character file.

437 sankara the Slasher (level 7, -3/45 HPs)
             Began as a Halfling Fighter on Feb 16, 2018.
             Slain by Grinder (4 damage)
             ... on level 4 of the Dungeon.
             The game lasted 00:10:59 (3747 turns).

sankara the Slasher (Halfling Fighter)              Turns: 3747, Time: 00:11:00

Health: -3/45      AC:  6    Str: 17    XL:     7   Next: 21%
Magic:  7/7        EV: 11    Int:  6    God:
Gold:   198        SH:  0    Dex: 16    Spells: 6/6 levels left

rFire    + . .     SeeInvis .   a - +1 long sword
rCold    + . .     Gourm    +   c - +1 shield
rNeg     . . .     Faith    .   b - +0 scale mail
rPois    +         Spirit   .   (no helmet)
rElec    +         Reflect  .   m - scarf {repulsion}
rCorr    +         Harm     .   (no gloves)
MR       .....                  (no boots)
Stlth    ..........             o - amulet of the gourmand
HPRegen  0.15/turn              p - ring of wizardry
MPRegen  0.10/turn              r - ring of poison resistance

@: confused, resistant, repel missiles
A: small, mutation resistance 1
a: no special abilities


You were on level 4 of the Dungeon.
You were very full.

You visited 1 branch of the dungeon, and saw 4 of its levels.
You also visited: Sewer.

You collected 198 gold pieces.

Inventory:

Hand Weapons
 a - a +1 long sword (weapon)
Missiles
 i - 2 tomahawks of dispersal
 k - 119 stones (quivered)
 n - 6 poisoned needles
 q - 24 sling bullets
Armour
 b - a +0 scale mail (worn)
 c - a +1 shield (worn)
 m - a scarf of repulsion (worn)
Jewellery
 o - an amulet of the gourmand (around neck)
 p - a ring of wizardry (left hand)
 r - a ring of poison resistance (right hand)
 v - an uncursed amulet of magic regeneration
Scrolls
 g - a scroll of magic mapping {unknown}
 h - 10 scrolls of identify
 s - 3 scrolls of remove curse {unknown}
 u - a scroll of enchant weapon
Potions
 d - 2 potions of might
 e - a potion of berserk rage
 l - a potion of ambrosia
Comestibles
 f - 8 rations


   Skills:
 - Level 2.6 Fighting
 + Level 6.6 Long Blades
 - Level 3.2 Armour
 - Level 3.0 Dodging
 - Level 3.2 Shields


You had 6 spell levels left.
You didn't know any spells.

Dungeon Overview and Level Annotations

Branches:
Dungeon (4/15)
 Temple: D:4-7

Altars:
Sif Muna
Trog

Annotations:
D:4 Grinder


Innate Abilities, Weirdness & Mutations

You are small and have problems with some larger weapons.
You are somewhat resistant to further mutation.


Message History

* * * LOW HITPOINT WARNING * * *
You writhe in agony.
* * * LOW HITPOINT WARNING * * *
Something hits you.
* * * LOW HITPOINT WARNING * * *
Something hits you but does no damage. Something hits you.
* * * LOW HITPOINT WARNING * * *
Something hits you but does no damage.
You can move again.
Unknown command.
It was a potion of resistance.
You feel protected. Something hits you but does no damage.
It was a potion of ambrosia.
You are confused.
You feel invigorated. Something hits you.
* * * LOW HITPOINT WARNING * * *
You writhe in agony.
You die...

#.. . #.# .#
#.# .# #.#..
#.#. # #.. .#
#.##.#.###
#<........
##@###...
......{รท....#
.[##.[....#.#
##...#.#
#...#.#
#...#.# ###.#
# #.#


There were no monsters in sight!

Vanquished Creatures
  Purgy (Sewer)
  A scorpion (D:3)
  A hound (D:4)
  Natasha (thrice) (D:3)
  4 gnolls (D:3)
  5 adders
  An ooze (D:3)
  An adder zombie (D:3)
  2 worms (D:2)
  A dart slug (D:2)
  5 leopard geckos (D:3)
  3 orcs (D:3)
  2 ball pythons (D:2)
  18 bats
  2 giant cockroaches (D:3)
  6 goblins
  11 hobgoblins
  6 kobolds
  5 quokkas
  6 frilled lizards
  3 rats
87 creatures vanquished.

Notes
Turn   | Place    | Note
-------+----------+-------------------------------------------
     0 | D:1      | sankara the Halfling Fighter began the quest for the Orb.
     0 | D:1      | Reached XP level 1. HP: 15/15 MP: 1/1
   259 | D:1      | Reached XP level 2. HP: 20/20 MP: 2/2
   475 | D:1      | Reached skill level 1 in Dodging
   593 | D:1      | Reached XP level 3. HP: 25/25 MP: 3/3
   769 | D:1      | Reached skill level 3 in Long Blades
  1284 | D:2      | Reached XP level 4. HP: 30/30 MP: 4/4
  1520 | D:2      | Found a bloodstained altar of Trog.
  2095 | D:3      | Reached XP level 5. HP: 29/35 MP: 5/5
  2185 | D:3      | Reached skill level 4 in Long Blades
  2257 | D:3      | Found a glowing drain.
  2293 | Sewer    | Entered a sewer
  2444 | Sewer    | Noticed Purgy
  2466 | Sewer    | Killed Purgy
  2466 | Sewer    | Reached skill level 5 in Long Blades
  2466 | Sewer    | Reached XP level 6. HP: 41/41 MP: 6/6
  2737 | D:3      | Found a deep blue altar of Sif Muna.
  2770 | D:3      | Noticed Natasha
  2781 | D:3      | Killed Natasha
  2880 | D:3      | Noticed Natasha
  2888 | D:3      | Killed Natasha
  2907 | D:3      | Noticed Natasha
  2910 | D:3      | Killed Natasha
  2910 | D:3      | Reached skill level 6 in Long Blades
  3413 | D:4      | Noticed Grinder
  3421 | D:4      | Reached XP level 7. HP: 38/45 MP: 7/7
  3446 | D:3      | HP: 2/45 [poisoned by a scorpion]
  3739 | D:4      | Paralysed by something for 7 turns
  3742 | D:4      | HP: 1/45 [something (4)]
  3747 | D:4      | HP: 1/45 [something (4)]
  3747 | D:4      | Slain by Grinder

Skill      XL: |  1  2  3  4  5  6 |
---------------+-------------------+-----
Dodging        | 1 2 3 |  3.0
Long Blades    | 3 5 6 |  6.6
Fighting       | |  2.6
Armour         | |  3.2
Shields        | |  3.2

Action                   |  1- 3 |  4- 6 |  7- 9 || total
-------------------------+-------+-------+-------++-------
Melee: Long sword        |   109 |   210 |    22 ||   341
  Use: Scroll            |       |     8 |       ||     8
       Potion            |       |     2 |     3 ||     5
  Eat: Chunk             |     1 |    22 |       ||    23
Armor: Scale mail        |    55 |    47 |     7 ||   109
       Skin              |       |    31 |       ||    31
Dodge: Dodged            |    51 |   100 |     4 ||   155
       Deflected         |       |     2 |       ||     2
Block: Shield            |    67 |   160 |    10 ||   237
       Rpst.: Long sword |     6 |    29 |     2 ||    37
